Map: Acid Plant LE

Players

Avoš - Winner!

  • Race: Protoss Protoss
  • Spawn Location: 5:00

empty

  • Race: Terran Terran
  • League: Silver
  • Spawn Location: 11:00

VOD

Have the link to the VOD?

Description

Time

  • Played on: July 30, 2018, 5:34 p.m.
  • Length: 6:17
Show
View Real Time Build Order
Export as new Build Order

Avoš Protoss - Winner!

Build Orders:  

Get SALT Encoding   

  12  0:01  Probe  
  13  0:13  Probe  
  14  0:22  Pylon  
  14  0:25  Probe  
  15  0:40  Probe  
  16  0:43  Gateway  
  16  0:52  Probe, Assimilator  
  16  0:56  Assimilator  
  17  1:04  Probe  
  18  1:12  Gateway  
  18  1:17  Probe  
  19  1:29  Probe  
  20  1:33  Cybernetics Core  
  20  1:45  Probe  
  21  2:00  Probe  
  22  2:07  Pylon  
  22  2:10  Warp Gate  
  22  2:23  Probe, Pylon  
  22  2:25  Stalker, Sentry  
  27  2:35  Probe  
  28  2:47  Probe  
  29  2:51  Stalker  
  29  2:55  Stalker  
  33  3:06  Nexus  
  33  3:08  Probe  
  34  3:20  Probe  
  34  3:22  Stalker  
  34  3:25  Stalker  
  39  3:39  Pylon  
  39  3:49  Twilight Council  
  39  3:57  Probe  
  39  4:01  Forge  
  41  4:10  Probe  
  41  4:18  Stalker x2  
  41  4:22  Probe  
  46  5:07  Pylon  
  46  5:08  Probe x2  
  46  5:09  Assimilator  
  46  5:12  Zealot x2  
  46  5:13  Assimilator  
  52  5:20  Probe x2  
  46  5:34  Templar Archives  
  34  5:49  Zealot  
  34  5:50  Zealot  
  32  6:03  Probe  
  32  6:04  Probe  
Show
View Real Time Build Order
Export as new Build Order

empty Terran 

Build Orders:  

Get SALT Encoding   

  12  0:01  SCV  
  13  0:17  Supply Depot  
  13  0:18  SCV  
  14  0:30  SCV  
  15  0:41  Barracks  
  15  0:42  SCV  
  16  0:46  Refinery  
  16  0:55  SCV  
  17  1:07  SCV  
  17  1:08  Refinery  
  18  1:19  SCV  
  19  1:31  Marine, SCV, Supply Depot  
  21  1:43  SCV  
  22  1:54  Factory  
  22  1:55  SCV  
  23  2:08  SCV  
  24  2:17  Barracks Reactor  
  24  2:20  SCV  
  25  2:32  Orbital Command  
  25  3:01  Supply Depot  
  25  3:05  Cyclone x2  
  31  3:23  Supply Depot  
  31  3:37  SCV, Cyclone x2  
  38  3:49  SCV  
  39  3:59  Refinery  
  39  4:09  Cyclone x2  
  45  4:13  Supply Depot  
  29  6:10  Command Center  
Tags
 
League
Silver
Matchup
PvT
Spawn Locations
Cross Positions
Add a new tag
Caveats
  • Supply blocks, unpowered buildings, or Contaminate may cause inaccurate times.
  • Supply counts are checked every 10 seconds.